 Dungeon Crawl Stone Soup version 0.29-a0-416-g83a48905f1 (webtiles) character file.

Game seed: 13513828842852216998

21683 iguanaiguana the Transmogrifier (level 12, 0/60 HPs)
             Began as a Vine Stalker Brigand on May 17, 2022.
             Was a High Priest of Wu Jian.
             Slain by a komodo dragon (15 damage)
             ... on level 3 of the Lair of Beasts.
             The game lasted 00:35:36 (10585 turns).

iguanaiguana the Transmogrifier (VSBr)             Turns: 10585, Time: 00:35:36

Health: 0/60       AC: 17    Str: 20    XL:     12   Next: 92%
Magic:  0/22       EV: 12    Int: 15    God:    Wu Jian [*****.]
Gold:   532        SH:  0    Dex: 20    Spells: 18/23 levels left

rFire   + + +      SeeInvis +     - Unarmed
rCold   . . .      Faith    .   (shield currently unavailable)
rNeg    . . .      Spirit   +   L - quicksilver dragon scales
rPois   +          Reflect  .   A - +1 helmet {SInv}
rElec   .          Harm     .   c - +0 cloak
rCorr   .          Rampage  .   (gloves currently unavailable)
Will    ++...                   F - +2 pair of boots {Fly}
Stlth   ++++++....              P - amulet "Totuintiri" {Spirit rF++ Int+2 Dex-5 SInv}
HPRegen 1.00/turn               O - ring "Miahafosch" {Will+ Dex+6 Stlth+}
MPRegen 0.18/turn               a - ring of Tuol {rPois rF+ Will- Str+6 Stlth+}

@: blade hands (expiring), flying
A: fangs 3, regeneration 1, magic shield, antimagic bite, no potion heal 2
a: End Transformation, Renounce Religion, Wall Jump, Serpent's Lash, Heavenly
Storm


You were on level 3 of the Lair of Beasts.
You worshipped Wu Jian.
Wu Jian was extremely pleased with you.
You had blades for hands.
You visited 2 branches of the dungeon, and saw 12 of its levels.
You also visited: Bailey.

You collected 532 gold pieces.

Inventory:

Hand Weapons
 m - the +6 dagger of the Wasteland {spect, *Rage rN+++ Will++}
   (You found it on level 4 of the Dungeon)

   When its wielder attacks, the weapon's spirit leaps out and strikes again.
   The spirit shares a part of any damage it takes with its wielder.
   rN:        It renders you almost immune to negative energy.
   *Rage:     It berserks you when you make melee attacks (+20% chance).
   Will:      It greatly increases your willpower.
Missiles
 d - 25 poisoned darts (quivered)
 e - 6 curare-tipped darts
 k - 5 datura-tipped darts
 o - a throwing net
 R - 14 boomerangs
Armour
 c - a +0 cloak (worn)
 z - +2 steam dragon scales
 A - a +1 helmet of see invisible (worn)
 F - a +2 pair of boots of flying (worn)
 L - quicksilver dragon scales (worn)
Jewellery
 a - the ring of Tuol (right blade hand) {rPois rF+ Will- Str+6 Stlth+}
   (You found it on level 4 of the Dungeon)

   [ring of strength]

   Str:       It affects your strength (+6).
   rF:        It protects you from fire.
   rPois:     It protects you from poison.
   Will:      It decreases your willpower.
   Stlth:     It makes you more stealthy.
 g - a ring of positive energy
 u - a ring of willpower
 M - an amulet of faith
 N - the ring "Jept" {rElec rF+ rCorr Dex-2}
   (You found it on level 7 of the Dungeon)

   [ring of protection from fire]

   Dex:       It affects your dexterity (-2).
   rF:        It protects you from fire.
   rElec:     It insulates you from electricity.
   rCorr:     It protects you from acid and corrosion.
 O - the ring "Miahafosch" (left blade hand) {Will+ Dex+6 Stlth+}
   (You found it on level 7 of the Dungeon)

   [ring of willpower]

   Dex:       It affects your dexterity (+6).
   Will:      It increases your willpower.
   Stlth:     It makes you more stealthy.
 P - the amulet "Totuintiri" (around neck) {Spirit rF++ Int+2 Dex-5 SInv}
   (You found it on level 7 of the Dungeon)

   [amulet of guardian spirit]

   It causes incoming damage to be divided between your reserves of health and
   magic.
   Int:       It affects your intelligence (+2).
   Dex:       It affects your dexterity (-5).
   rF:        It greatly protects you from fire.
   SInv:      It lets you see invisible.
Wands
 j - a wand of paralysis (5)
 q - a wand of iceblast (3) {@v2}
 y - a wand of flame (12)
 H - a wand of charming (7)
Scrolls
 i - 2 scrolls of fog {unknown}
 r - 3 scrolls of blinking {unknown}
 s - 2 scrolls of immolation {unknown}
 t - 3 scrolls of enchant weapon
 v - 5 scrolls of identify {unknown}
 x - a scroll of vulnerability {unknown}
 B - a scroll of enchant armour {unknown}
 D - a scroll of acquirement {unknown}
 I - 2 scrolls of brand weapon
 J - 2 scrolls of magic mapping {@r5}
 K - 3 scrolls of teleportation {unknown}
 Q - a scroll of silence
 S - a scroll of poison {unknown}
Potions
 b - 6 potions of brilliance
 f - 2 potions of heal wounds {unknown}
 l - 4 potions of mutation {unknown}
 n - 4 potions of resistance {unknown}
 p - 3 potions of attraction {unknown}
 w - 7 potions of flight
 C - 5 potions of curing {unknown}
 E - 2 potions of ambrosia {unknown}
 G - a potion of lignification {unknown}
Miscellaneous
 h - a phantom mirror


   Skills:
 - Level 5.0 Fighting
 - Level 6.0 Short Blades
 - Level 5.0 Throwing
 - Level 4.0 Armour
 - Level 3.0 Dodging
 - Level 10.0 Stealth
 - Level 10.0 Unarmed Combat
 - Level 6.0 Spellcasting
 + Level 11.2 Transmutations
 - Level 4.0 Evocations


You had 18 spell levels left.
You knew the following spells:

 Your Spells              Type           Power      Damage    Failure   Level
a - Blade Hands           Tmut           19%        N/A       38%         5

Your spell library contained the following spells:

 Spells                   Type           Power      Damage    Failure   Level
 Shock                    Conj/Air       16%        1d4       67%         1
 Portal Projectile        Hex/Tloc       8%         N/A       90%         3
 Swiftness                Air            4%         N/A       90%         3
 Airstrike                Air            2%         N/A       99%         4
 Excruciating Wounds      Necr           2%         N/A       100%        5


Dungeon Overview and Level Annotations

Branches:
Dungeon (9/15)             Temple (0/1) D:4            Lair (3/6) D:9
 Spider (0/4) Lair:2       Bailey (visited)
  Swamp: Lair:2-4    Shoals: Lair:2-4       Orc: D:9-12

Altars:
Wu Jian

Shops:
D:6 [   D:8 (   D:9 (

Annotations:
D:7 1 runed translucent door, exclusions: boulder beetle, komodo dragon and manticore
Lair:2 3 runed translucent doors, Mubboch's ghost, journeyman TeBr


Innate Abilities, Weirdness & Mutations

You have blades for hands.
Your spellcasting is less reliable in this form.
You are incapable of wielding weapons or throwing items.
You have razor-sharp teeth.
Your natural rate of healing is unusually fast.
When hurt, damage is shared between your health and your magic reserves.
Your bite disrupts and absorbs the magic of your enemies.
Potions cannot restore your health.


Message History

The swamp worm moves out of view.
You completely miss the swamp worm.
You bite the swamp worm, but do no damage.
The swamp worm is severely wounded.
The swamp worm bites you!
The swamp worm bites you but does no damage.
You are too injured to fight recklessly!
Unknown command.
You slice the swamp worm!!
You kill the swamp worm!
The Council accepts your kill. The swamp worm closely misses you.
You slice the swamp worm!!
The swamp worm is severely wounded.
The swamp worm completely misses you.
You hit the swamp worm. Your bite misses the swamp worm.
The swamp worm is almost dead.
The swamp worm bites you.
The tyrant leech bites you but does no damage.
You barely miss the swamp worm.
You bite the swamp worm, but do no damage.
The swamp worm is severely wounded.
The swamp worm bites you but does no damage.
A four-headed hydra comes into view.
The tyrant leech bites you!
The tyrant leech draws strength from your injuries!
The four-headed hydra roars!
You slash the swamp worm!
You kill the swamp worm!
The Council accepts your kill. The komodo dragon bites you!!
* * * LOW HITPOINT WARNING * * *
Okay, then.
Okay, then.
Okay, then.
Okay, then.
Okay, then.
The komodo dragon attacks as you move away!
The komodo dragon bites you!!
You die...

###..
#♣...##♣♣............
#... ♣.♣## ♣.......##
..... ♣♣♣♣♣
♣♣♣♣♣...## ...P♣
≈.D♣♣ ♣♣≈≈≈♣....#
..§§ ♣≈≈≈≈♣..###
§§.♣≈≈≈≈♣..####
♣D♣≈≈≈≈♣...#.# .
♣ww≈≈≈≈♣....##### #.
♣.l@≈≈≈♣.#......##.#
♣♣†.≈≈.....#........
♣♣.♣≈....####......
♣♣♣♣.♣...##.......
♣♣♣#..###...P..
♣.#...#...##..
♣.......## ..
.....#.P..## .
......###...#


You could see an eight-headed hydra, a four-headed hydra, a tyrant leech, a
komodo dragon and a swamp worm.

Vanquished Creatures
  2 boulder beetles
  A centaur warrior (D:8)
  A two-headed ogre (D:7)
  Sonja (Lair:2)
  An orb spider (Lair:2)
  Pikel (D:5)
  A deep elf pyromancer (D:8)
  A cyclops (D:7)
  Joseph (D:8)
  5 elephants (Lair:2)
  A gargoyle (D:7)
  A black mamba (Lair:1)
  3 cane toads
  3 rime drakes
  6 komodo dragons
  Maggie (D:8)
  A kobold demonologist (D:7)
  2 trolls
  2 slime creatures (D:7)
  5 blink frogs (Lair:3)
  Sigmund (D:5)
  A vampire (D:9)
  A wraith (D:7)
  12 yaks
  A basilisk (Lair:2)
  2 wyverns
  3 steam dragons
  2 vampire mosquitoes (D:7)
  Menkaure (D:7)
  Edmund (D:6)
  5 water moccasins
  2 swamp worms (Lair:3)
  8 orc warriors
  A black bear (D:5)
  2 sky beasts (D:7)
  2 ogres
  12 wolves
  3 lemures (D:5)
  A centaur (D:8)
  2 phantoms (D:5)
  2 kobold brigands (D:9)
  9 bullfrogs
  2 scorpions
  3 wights (D:5)
  3 killer bees (D:9)
  3 electric eels
  2 howler monkeys (D:8)
  3 gnoll shamans
  2 orc priests
  4 hounds
  6 jellies
  5 iguanas
  Jessica (D:3)
  Natasha (thrice) (D:3)
  6 orc wizards
  19 gnolls
  9 adders
  3 shadow imps
  2 white imps
  3 worms
  A dart slug (D:5)
  31 orcs
  4 ball pythons
  4 bats
  5 endoplasms
  2 giant cockroaches
  21 goblins
  8 hobgoblins
  3 jackals
  25 kobolds
  4 quokkas
  A frilled lizard (D:1)
  2 rats (D:3)
  A butterfly (Lair:2)
305 creatures vanquished.

Vanquished Creatures (collateral kills)
  4 jackals (D:2)
4 creatures vanquished.

Vanquished Creatures (others)
  An orc (Bailey)
  3 fungi
  9 plants
13 creatures vanquished.

Grand Total: 322 creatures vanquished

Notes
Turn   | Place    | Note
-------+----------+-------------------------------------------
     0 | D:1      | iguanaiguana the Vine Stalker Brigand began the quest for
                  | the Orb.
     0 | D:1      | Reached XP level 1. HP: 11/11 MP: 2/2
   668 | D:1      | Reached XP level 2. HP: 12/15 MP: 1/3
  1524 | D:2      | Reached XP level 3. HP: 17/18 MP: 4/4
  2131 | D:3      | Noticed Natasha
  2132 | D:3      | Killed Natasha
  2133 | D:3      | Gained mutation: Your natural rate of healing is unusually
                  | fast. [Vine Stalker growth]
  2133 | D:3      | Reached XP level 4. HP: 23/23 MP: 5/5
  2194 | D:3      | Noticed Jessica
  2202 | D:3      | Killed Jessica
  2223 | D:3      | Reached XP level 5. HP: 26/26 MP: 6/6
  2230 | D:3      | Found an ornate altar of the Wu Jian Council.
  2263 | D:3      | Noticed Natasha
  2297 | D:4      | Noticed an ogre
  2307 | D:4      | Killed an ogre
  2308 | D:4      | Reached skill level 5 in Short Blades
  2328 | D:4      | Identified the +6 dagger of the Wasteland {spect, *Rage
                  | rN+++ Will++}
  2402 | D:4      | Reached XP level 6. HP: 30/30 MP: 7/7
  2454 | D:3      | Became a worshipper of the Wu Jian Council
  2509 | D:4      | Identified the ring of Tuol {rPois rF+ Will- Str+6 Stlth+}
  2648 | D:4      | Reached skill level 1 in Dodging
  2791 | D:3      | Killed Natasha
  2916 | D:3      | Noticed Natasha
  3107 | D:3      | Reached * piety under Wu Jian
  3109 | D:3      | Killed Natasha
  3110 | D:3      | Reached skill level 1 in Armour
  3110 | D:3      | Reached XP level 7. HP: 35/35 MP: 8/8
  3292 | D:4      | Found a staircase to the Ecumenical Temple.
  3776 | D:5      | Entered Level 5 of the Dungeon
  3958 | D:5      | Noticed Pikel
  3985 | D:5      | Killed Pikel
  3986 | D:5      | Gained mutation: You have razor-sharp teeth. [Vine Stalker
                  | growth]
  3986 | D:5      | Reached XP level 8. HP: 41/42 MP: 9/9
  3990 | D:5      | Reached skill level 5 in Stealth
  4075 | D:5      | Noticed Sigmund
  4104 | D:5      | Killed Sigmund
  4105 | D:5      | Reached skill level 1 in Spellcasting
  4565 | D:5      | Reached ** piety under Wu Jian
  4588 | D:5      | Reached XP level 9. HP: 19/46 MP: 6/13
  5000 | D:6      | Found Hanlunkos's Armour Shop.
  5059 | D:6      | Noticed Edmund
  5066 | D:6      | Killed Edmund
  5160 | D:6      | Reached *** piety under Wu Jian
  5264 | D:6      | Reached skill level 5 in Fighting
  5284 | D:6      | Identified the +1 robe of the Game of Life {Int+4 Dex+2}
  5703 | D:7      | Noticed a manticore
  5703 | D:7      | Noticed a boulder beetle
  5703 | D:7      | Noticed a komodo dragon
  5818 | D:7      | Noticed Menkaure
  5820 | D:7      | Killed Menkaure
  5985 | D:7      | Found a runed translucent door.
  5985 | D:7      | Found a runed translucent door.
  6252 | D:7      | Reached skill level 5 in Throwing
  6303 | D:7      | Reached XP level 10. HP: 51/51 MP: 14/17
  6339 | D:7      | Reached skill level 10 in Stealth
  6439 | D:7      | Noticed a two-headed ogre
  6442 | D:7      | Identified the amulet of the Enemy {Spirit Str+4 Int+2}
  6442 | D:7      | Noticed a kobold demonologist
  6445 | D:7      | Killed a two-headed ogre
  6459 | D:7      | Reached skill level 5 in Unarmed Combat
  6465 | D:7      | Killed a kobold demonologist
  6465 | D:7      | Reached **** piety under Wu Jian
  6470 | D:7      | Noticed a cyclops
  6477 | D:7      | Killed a cyclops
  6491 | D:7      | Identified the ring "Jept" {rElec rF+ rCorr Dex-2}
  6494 | D:7      | Identified the ring "Miahafosch" {Will+ Dex+6 Stlth+}
  6496 | D:7      | Noticed a gargoyle
  6498 | D:7      | Killed a gargoyle
  6502 | D:7      | Identified the amulet "Totuintiri" {Spirit rF++ Int+2 Dex-5
                  | SInv}
  6557 | D:7      | Found a runed translucent door.
  6559 | D:7      | Noticed a kobold demonologist
  6613 | D:8      | Noticed Maggie
  6618 | D:8      | Killed Maggie
  6649 | D:8      | Found a flagged portal.
  6661 | Bailey   | Entered a bailey
  6764 | Bailey   | Identified the +6 morningstar of Noel Jigis {vorpal, *Noise
                  | rElec Str+6 Int+3}
  6778 | Bailey   | Reached XP level 11. HP: 49/55 MP: 15/18
  7234 | D:8      | Reached skill level 1 in Transmutations
  7336 | D:8      | Found Uloc's Weapon Shoppe.
  7398 | D:8      | Noticed a boulder beetle
  7412 | D:8      | Killed a boulder beetle
  7413 | D:8      | Reached skill level 2 in Transmutations
  7450 | D:8      | Noticed a deep elf pyromancer
  7453 | D:8      | Killed a deep elf pyromancer
  7454 | D:8      | Reached skill level 3 in Transmutations
  7460 | D:8      | Noticed a centaur warrior
  7462 | D:8      | Killed a centaur warrior
  7519 | D:8      | Noticed Joseph
  7525 | D:8      | Killed Joseph
  7786 | D:9      | Reached skill level 5 in Spellcasting
  7786 | D:9      | Reached skill level 4 in Transmutations
  7862 | D:9      | Reached ***** piety under Wu Jian
  7894 | D:9      | Learned a level 5 spell: Blade Hands
  7915 | D:9      | Found a staircase to the Lair.
  7971 | D:9      | Reached skill level 5 in Transmutations
  8344 | D:9      | Found Sinotaan's Antique Weapon Emporium.
  8453 | Lair:1   | Entered Level 1 of the Lair of Beasts
  8525 | Lair:1   | Reached skill level 10 in Unarmed Combat
  8527 | Lair:1   | Reached skill level 6 in Transmutations
  8775 | Lair:1   | Reached skill level 7 in Transmutations
  8775 | Lair:1   | Reached XP level 12. HP: 48/60 MP: 15/22
  9043 | Lair:1   | Noticed a seven-headed hydra
  9092 | Lair:1   | Reached skill level 1 in Evocations
  9098 | Lair:2   | Noticed Sonja
  9100 | Lair:2   | Killed Sonja
  9377 | Lair:2   | Reached skill level 8 in Transmutations
  9398 | Lair:2   | Reached skill level 9 in Transmutations
  9532 | Lair:2   | Found a runed translucent gate.
  9534 | Lair:2   | Found a runed translucent gate.
  9534 | Lair:2   | Noticed Mubboch's ghost (journeyman TeBr)
  9535 | Lair:2   | Found a runed translucent gate.
  9537 | Lair:2   | Noticed a 13-headed hydra
  9702 | Lair:2   | Noticed a boulder beetle
  9708 | Lair:2   | Killed a boulder beetle
  9939 | Lair:2   | Found a hole to the Spider Nest.
  9950 | Lair:2   | Reached skill level 10 in Transmutations
 10387 | Lair:3   | Reached skill level 11 in Transmutations
 10577 | Lair:3   | Noticed an eight-headed hydra
 10583 | Lair:3   | Noticed a four-headed hydra
 10585 | Lair:3   | Slain by a komodo dragon

Illustrated notes

Levels and vault maps discovered:
D:1:      sevenhm_arrival_forest_fort_small_4, layout_rooms, serial_park_tiny_1
D:2:      layout_basic
D:3:      layout_basic, nicolae_overflow_hidden_temple,
          dreamdust_mushroom_princess, uniq_natasha, uniq_jessica
D:4:      layout_loops_ring, temple_green, serial_bayou, serial_bayou_shore_a,
          serial_bayou_pond_d, serial_bayou_pond_d, serial_bayou_crossing,
          minmay_close_crescents
D:5:      layout_loops_corners, uniq_sigmund, uniq_pikel
D:6:      corexii_shack_village, layout_loops_corners,
          kennysheep_decorative_pillar, nicolae_take_the_stairs,
          kennysheep_generic_room_9, uniq_edmund
D:7:      minmay_the_grid_triangle_9x9_rhombus_thin
          [minmay_the_grid_triangle_9x9_alien,
          minmay_the_grid_triangle_9x9_prize_special,
          minmay_the_grid_triangle_9x9_subtriangle,
          minmay_the_grid_triangle_9x9_tough_junction], layout_rooms,
          uniq_menkaure
D:8:      minmay_cornered_nines, layout_loops_ring, serial_shops,
          nicolae_shop_bloodbath_and_beyond, enter_bailey_7, uniq_maggie,
          uniq_joseph
D:9:      layout_basic, erik_lair_island, serial_shops, shop
Lair:1:   layout_roguey, chequers_serial_rivers_micro_e
Lair:2:   layout_cave_pods, nicolae_spider_entry_orb_guardian,
          gammafunk_ghost_hydra_chop, lemuel_fruit_fields, uniq_sonja
Lair:3:   layout_layer_cave, palyth_hydra_swamp_entry, serial_bayou_lagoon_b,
          serial_bayou_shore_b

Skill      XL: |  1  2  3  4  5  6  7  8  9 10 11 12 |
---------------+-------------------------------------+-----
Short Blades   | 2 3 4 5 6 |  6.0
Dodging        | 1 3 |  3.0
Fighting       | 2 4 5 |  5.0
Throwing       | 2 3 5 |  5.0
Armour         | 1 3 4 |  4.0
Stealth        | 5 9 10 | 10.0
Spellcasting   | 2 4 6 |  6.0
Unarmed Combat | 8 10 | 10.0
Transmutations | 7 11 | 11.2
Evocations     | 4 |  4.0

Action                   |  1- 3 |  4- 6 |  7- 9 | 10-12 || total
-------------------------+-------+-------+-------+-------++-------
Melee: Dagger            |    87 |    77 |   187 |   381 ||   732
       Bite              |    17 |    19 |    59 |   133 ||   228
       Punch             |     1 |       |       |    20 ||    21
       Unarmed           |       |       |       |     9 ||     9
Throw: Dart              |     3 |     5 |       |     3 ||    11
 Cast: Blade Hands       |       |       |       |     2 ||     2
Invok: Lunge             |       |    13 |    31 |    54 ||    98
       Whirlwind         |       |       |     9 |     6 ||    15
       Serpent's Lash    |       |       |       |     2 ||     2
Evoke: Wand              |       |       |       |     4 ||     4
       Phantom mirror    |       |       |       |     1 ||     1
  Use: Scroll            |     3 |     1 |       |     1 ||     5
       Potion            |     1 |       |       |       ||     1
 Stab: Sleeping          |     4 |     6 |    19 |    37 ||    66
       Distracted        |       |       |     2 |     5 ||     7
       Paralysed         |       |       |       |     1 ||     1
Armor: Robe              |     7 |       |    10 |     6 ||    23
       Ring mail         |    26 |    17 |     7 |       ||    50
       Steam dragon scal |       |       |       |    45 ||    45
       Troll leather arm |       |       |       |     4 ||     4
       Quicksilver drago |       |       |       |    22 ||    22
Dodge: Dodged            |    49 |    21 |    51 |   140 ||   261

Table legend: (Time is in decaauts)
 A = Elapsed time spent in this place.
 B = Non-inter-level travel time spent in this place.
 C = Inter-level travel time spent in this place.
 D = Time resting spent in this place.
 E = Time spent auto-exploring this place.
 F = Levels seen in this place.
 G = Mean time per level.
                   A        B        C        D        E       F      G
               +--------+--------+--------+--------+--------+-----+--------+
         Total |  10916 |  10275 |    641 |    570 |   7610 |  13 |  839.7 |
       Dungeon |   8305 |   7725 |    580 |    435 |   5761 |   9 |  922.8 |
          Lair |   2207 |   2146 |     61 |    108 |   1663 |   3 |  735.7 |
        Bailey |    403 |    403 |      0 |     27 |    185 |   1 |  403.0 |
               +--------+--------+--------+--------+--------+-----+--------+

Top non-repeatable levels by time:
     D:2: 1173 daAuts
  Lair:2: 1015 daAuts
     D:5: 1007 daAuts
     D:6: 985 daAuts
     D:4: 982 daAuts
     D:7: 978 daAuts
     D:1: 951 daAuts
     D:8: 798 daAuts
     D:3: 732 daAuts
     D:9: 694 daAuts
  Lair:1: 673 daAuts
  Lair:3: 519 daAuts
  Bailey: 403 daAuts
